 Dungeon Crawl Stone Soup version 0.19-a0-1598-g659d361 (webtiles) character file.

722 AlphabetPasta the Cudgeler (level 7, 0/44 HPs)
             Began as a Gargoyle Monk on Sept 16, 2016.
             Splashed by a jelly's acid (6 damage)
             ... on level 4 of the Dungeon on Sept 17, 2016.
             The game lasted 00:19:09 (4836 turns).

AlphabetPasta the Cudgeler (Gargoyle Monk)          Turns: 4836, Time: 00:19:09

Health: 0/44       AC:  0    Str: 16    XL:     7   Next: 71%
Magic:  7/7        EV: 12    Int: 11    God:
Gold:   260        SH:  0    Dex: 12    Spells: 0 memorised, 6 levels left

rFire  + . .     SeeInvis .     a - +1 mace
rCold  + . .     Gourm    .     h - +0 ring mail {rF+}
rNeg   + . .     Faith    .     (no shield)
rPois  ∞         Spirit   .     (no helmet)
rElec  +         Dismiss  .     (no cloak)
rCorr  .         Reflect  .     C - +0 pair of gloves
MR     .....     Harm     .     e - +0 pair of boots
Stlth  +.........               (no amulet)
                                (no ring)
                                s - ring of protection from cold

@: corroded
A: negative energy resistance 1, electricity resistance, unbreathing,
petrification resistance, rot immunity, AC +4
a: no special abilities


You were on level 4 of the Dungeon.
You were hungry.

You visited 2 branches of the dungeon, and saw 5 of its levels.

You collected 260 gold pieces.

Inventory:

Hand Weapons
 a - a +1 mace (weapon)
Missiles
 z - 15 bolts
Armour
 b - a +0 robe
 e - a +0 pair of boots (worn)
 h - a +0 ring mail of fire resistance (worn)
 x - a +0 scale mail
 C - a +0 pair of gloves (worn)
Jewellery
 s - a ring of protection from cold (left hand)
Scrolls
 j - 2 scrolls of teleportation
 n - a scroll of blinking
 q - a scroll of magic mapping
 w - 4 scrolls of remove curse
Potions
 d - a potion of heal wounds
 f - a potion of brilliance
 k - 3 potions of curing
 m - a potion of cure mutation
 o - a potion of berserk rage {unknown}
 p - a potion of ambrosia {unknown}
 r - 2 potions of lignification
 B - a potion of degeneration {unknown}
Comestibles
 c - 3 bread rations
 g - a slice of pizza
 i - 2 chunks of flesh
 l - 3 meat rations
 u - 7 fruits


   Skills:
 + Level 5.0 Fighting
 * Level 6.2 Maces & Flails
 + Level 3.5 Armour
 + Level 3.9 Dodging
 - Level 2.1 Stealth


You had 6 spell levels left.
You didn't know any spells.

Dungeon Overview and Level Annotations

Branches:
Dungeon (4/15)             Temple (1/1) D:4

Altars:
Ashenzari
Cheibriados
Dithmenos
Elyvilon
Gozag
Hepliaklqana
Makhleb
Nemelex Xobeh
Qazlal
Sif Muna
Trog
Vehumet
Xom
Yredelemnul
Zin
The Shining One


Innate Abilities, Weirdness & Mutations

You are resistant to torment.
Your stone body is resilient. (AC +4)
You are immune to poison.
You resist negative energy. (rN+)
You are resistant to electric shocks. (rElec)
You can survive without breathing.
You are immune to petrification.
You are immune to rotting.


Message History

You destroy the hound zombie!
You hit the jelly. The acid corrodes you!
Your hands burn!
The jelly is moderately wounded.
The jelly hits you but does no damage.
You hit the jelly. The acid corrodes you!
Your hands burn!
The jelly is moderately wounded.
The jelly closely misses you.
You hit the jelly. The acid corrodes you!
Your hands burn!
The jelly is heavily wounded.
You are feeling hungry.
The jelly hits you.
You are splashed with acid!
The acid burns!
You hit the jelly but do no damage.
Your hands burn!
The jelly is heavily wounded.
The jelly hits you.
You are splashed with acid!
The acid corrodes you!
The acid burns!
* * * LOW HITPOINT WARNING * * *
The jelly hits you.
* * * LOW HITPOINT WARNING * * *
You are splashed with acid!
The acid corrodes you!
The acid burns!
You die...

*,**####.# *,* *,,,,* #.#
*,* ****,* #.# *,*********
*,* #.# *,**,,,,,,, *,* #>#
*,**,****** *,* #.# *,**,*
*,* #.# *,**,* *,* #.#
*,**,* #,* #@# *,**,*****
**#.###J# *,,,,,,,,*
##..#..#o# ****,**,,*
***#....o...#* *,**,***
*,,..#...#...# *,,,,,,,
*,*#>>.#,....#**********,***
*,*##.**#......,,,,,,,,*,*
*,* *,* #.#..###**********
*,* *,* #.#..#


You could see a jelly and an orc.

Vanquished Creatures
  Sigmund (D:3)
  2 big kobolds (D:3)
  A hound (D:4)
  An orc priest (D:3)
  An orc wizard (D:2)
  Natasha (thrice) (D:3)
  A worker ant (D:3)
  A hound zombie (D:4)
  8 gnolls
  An ooze (D:2)
  A worm (D:2)
  A leopard gecko (D:2)
  8 orcs (D:3)
  8 bats
  5 giant cockroaches
  30 goblins
  25 hobgoblins
  2 jackals (D:4)
  3 quokkas
  2 ball pythons (D:1)
  4 frilled lizards
  9 kobolds
  9 rats
127 creatures vanquished.

Notes
Turn   | Place    | Note
-------+----------+-------------------------------------------
     0 | D:1      | AlphabetPasta the Gargoyle Monk began the quest for the Orb.
     0 | D:1      | Reached XP level 1. HP: 14/14 MP: 1/1
   116 | D:1      | Reached XP level 2. HP: 17/19 MP: 2/2
   896 | D:2      | Reached XP level 3. HP: 21/23 MP: 3/3
  1164 | D:2      | Found a white marble altar of Elyvilon.
  1193 | D:2      | Found a faded altar of an unknown god.
  1287 | D:2      | Found a shadowy altar of Dithmenos.
  1711 | D:3      | Reached skill level 4 in Maces & Flails
  1839 | D:3      | Reached XP level 4. HP: 12/28 MP: 4/4
  2089 | D:2      | Reached skill level 1 in Armour
  2183 | D:3      | Noticed Natasha
  2198 | D:3      | Killed Natasha
  2317 | D:3      | Noticed Natasha
  2334 | D:3      | Killed Natasha
  2334 | D:3      | Reached XP level 5. HP: 13/33 MP: 5/5
  2521 | D:3      | Noticed Natasha
  2541 | D:3      | Killed Natasha
  2834 | D:3      | Noticed a big kobold
  2851 | D:3      | Killed a big kobold
  2851 | D:3      | Reached skill level 5 in Maces & Flails
  2851 | D:3      | Reached XP level 6. HP: 36/38 MP: 6/6
  3330 | D:3      | Noticed Sigmund
  3358 | D:2      | Reached XP level 7. HP: 16/44 MP: 7/7
  3554 | D:2      | Upgraded the game from 0.19-a0-1596-g2f379c2 to 0.19-a0-1598-g659d361
  3720 | D:3      | Killed Sigmund
  3720 | D:3      | Reached skill level 6 in Maces & Flails
  4174 | D:3      | Reached skill level 5 in Fighting
  4530 | D:4      | Found a staircase to the Ecumenical Temple.
  4530 | D:4      | Found an opulent altar of Gozag.
  4537 | Temple   | Entered the Ecumenical Temple
  4659 | D:4      | Found a radiant altar of Vehumet.
  4659 | D:4      | Found a hazy altar of Hepliaklqana.
  4659 | D:4      | Found a burning altar of Makhleb.
  4659 | D:4      | Found a glowing golden altar of the Shining One.
  4836 | D:4      | Splashed by a jelly's acid

Vault maps used:
D:1:      minmay_arrival_jagged, grunt_decor_fettered
D:2:      lemuel_crystal_altar, grunt_dithmenos_smoke_and_mirrors,
          ecumenical_altar_1, corexii_hall_statues_i
D:3:      minmay_goblin_kobold_castle, uniq_natasha, uniq_sigmund
D:4:      grunt_temple_overflow_open, uniq_crazy_yiuf_cottage
Temple:   nicolae_temple_figure_zero

Skill      XL: |  1  2  3  4  5  6  7 |
---------------+----------------------+-----
Maces & Flails | 4 5 6 |  6.2
Armour         | 1 2 3 |  3.5
Dodging        | 3 |  3.9
Fighting       | 4 5 |  5.0
Stealth        | |  2.1

Action                   |  1- 3 |  4- 6 |  7- 9 || total
-------------------------+-------+-------+-------++-------
Melee: Mace              |   161 |   228 |   137 ||   526
  Use: Potion            |     1 |     1 |       ||     2
       Scroll            |     1 |       |    11 ||    12
 Stab: Sleeping          |     2 |       |       ||     2
  Eat: Chunk             |     3 |     5 |     5 ||    13
Armor: Robe              |    13 |       |       ||    13
       Ring mail         |    55 |   148 |    47 ||   250
Dodge: Dodged            |    87 |   223 |    75 ||   385
